 Dungeon Crawl Stone Soup version 0.19-a0-683-g5f2401d (webtiles) character file.

396 George the Grappler (level 6, -18/51 HPs)
             Began as a Ghoul Monk on June 17, 2016.
             Demolished by an ogre
             ... wielding a +0 giant spiked club
              (31 damage)
             ... on level 4 of the Dungeon.
             The game lasted 00:05:42 (1861 turns).

George the Grappler (Ghoul Monk)                    Turns: 1861, Time: 00:05:42

Health: -18/51     AC:  9    Str: 17    XL:     6   Next: 83%
Magic:  5/5        EV:  7    Int:  5    God:
Gold:   126        SH:  0    Dex: 11    Spells: 0 memorised, 5 levels left

rFire  . . .     SeeInvis +       - Unarmed
rCold  + + .     Gourm    .     e - +1 chain mail
rNeg   + + +     Faith    .     (no shield)
rPois  ∞         Spirit   .     (no helmet)
rElec  .         Dismiss  .     (no cloak)
rCorr  .         Reflect  .     (no gloves)
SustAt .         Harm     .     (no boots)
MR     .....                    x - amulet of regeneration
Stlth  ..........               o - ring of see invisible
                                g - ring of protection from cold

@: rotting, not resistant to hostile enchantments, extremely unstealthy
A: rotting body, claws 1, carnivore 3, cold resistance 1, negative energy
resistance 3, slow regeneration 1, torment resistance, unbreathing
a: no special abilities


You were on level 4 of the Dungeon.
You were not hungry.

You visited 1 branch of the dungeon, and saw 4 of its levels.

You collected 126 gold pieces.

Inventory:

Hand Weapons
 B - a +2 flail of draining
Armour
 e - a +1 chain mail (worn)
Jewellery
 g - a ring of protection from cold (left claw)
 o - a ring of see invisible (right claw)
 x - an amulet of regeneration (around neck)
Scrolls
 i - a scroll of enchant armour
 n - a scroll of teleportation
Potions
 d - 2 potions of heal wounds
 f - 4 potions of curing
 k - a potion of cancellation
 l - a potion of brilliance
 p - a potion of mutation {unknown}
 s - a potion of agility {unknown}
 z - a potion of resistance {unknown}
Comestibles
 b - 4 meat rations
 v - a beef jerky
 A - a chunk of flesh


   Skills:
 - Level 3.2 Fighting
 - Level 2.6 Dodging
 - Level 2.1 Stealth
 + Level 8.2 Unarmed Combat


You had 5 spell levels left.
You didn't know any spells.

Dungeon Overview and Level Annotations

Branches:
Dungeon (4/15)
 Temple: D:4-7

Altars:
Dithmenos


Innate Abilities, Weirdness & Mutations

Your body is rotting away.
You thrive on raw meat.
You are immune to poison.
You have sharp fingernails.
You are carnivorous and can eat meat at any time.
Your flesh is cold resistant. (rC+)
You are immune to negative energy. (rN+++)
You regenerate slowly when monsters are visible.
You are immune to unholy pain and torment.
You can survive without breathing.


Message History

Beogh smites you!
* * * LOW HITPOINT WARNING * * *
Found a beef jerky.
The orc priest miscasts a cantrip.
The orc priest miscasts a cantrip.
The orc priest miscasts a cantrip.
The orc priest mumbles some strange prayers to Beogh against you.
You barely resist.
The orc priest mumbles some strange prayers to Beogh against you.
You barely resist.
The orc priest casts a cantrip, but nothing happens.
You open the door.
Found a potion of heal wounds.
There is an open door here.
An orc priest opens the door.
The orc priest miscasts a cantrip.
You open the door.
The ogre hits you with a giant spiked club!!
Ouch! That really hurt!
You die...

****######'###......Z.......##+#
*,..........#..................
*,........o.#..................
*,..........#..................
*,.!........'..................
*,........o.#..................
*,..####....#..................
*,..**##...o##+####+#..........
*,,,,,#......O@'....#......####
*,,,,,#........#....#,,,,,,#...
*,,,,,#........#,...#,,,,,,#...
*,,,,,#........#,,..#,,,,,,#...
*,,,,,#........#,,,.#,,,,,,#...
*,,,,*##..##...#*,,,#,,,,,,#...
*******###*#####*+***,,,,,,#...
*,,,,,+,,,,,,,,*,,,,,,#...
*,,,,,*,,,,,,,,*,,,,,,#..!


You could see an ogre and an orc priest.

Vanquished Creatures
  Grinder (D:3)
  A hound (D:4)
  An orc priest (D:4)
  An orc wizard (D:4)
  Jessica (D:3)
  5 adders
  An adder skeleton (D:4)
  3 dart slugs
  A giant gecko (D:1)
  An orc (D:4)
  A ball python (D:2)
  4 bats
  3 giant cockroaches
  2 goblins (D:1)
  6 hobgoblins
  6 kobolds
  2 quokkas (D:3)
  2 giant newts (D:1)
  4 rats
46 creatures vanquished.

Notes
Turn   | Place    | Note
--------------------------------------------------------------
     0 | D:1      | George the Ghoul Monk began the quest for the Orb.
     0 | D:1      | Reached XP level 1. HP: 19/19 MP: 0/0
    65 | D:1      | Reached XP level 2. HP: 18/26 MP: 1/1
   167 | D:1      | Reached skill level 4 in Unarmed Combat
   746 | D:2      | Reached XP level 3. HP: 31/31 MP: 2/2
   951 | D:2      | Found a shadowy altar of Dithmenos.
   993 | D:2      | Reached skill level 5 in Unarmed Combat
  1146 | D:3      | Noticed Grinder
  1163 | D:3      | Reached XP level 4. HP: 34/38 MP: 3/3
  1169 | D:3      | Paralysed by Grinder for 2 turns
  1184 | D:3      | Killed Grinder
  1184 | D:3      | Reached skill level 7 in Unarmed Combat
  1184 | D:3      | Reached XP level 5. HP: 39/45 MP: 4/4
  1184 | D:3      | Reached XP level 6. HP: 44/51 MP: 5/5
  1363 | D:3      | Noticed Jessica
  1373 | D:3      | Killed Jessica
  1744 | D:4      | Reached skill level 8 in Unarmed Combat
  1817 | D:4      | HP: 1/51 [orc priest/divine providence (15)]
  1861 | D:4      | Demolished by an ogre

Vault maps used:
D:1:      dpeg_arrival_simpleton_b
D:2:      lemuel_crystal_altar, first_bread
D:3:      uniq_grinder, uniq_jessica
D:4:      grunt_temple_overflow_holy_war

Skill      XL: |  1  2  3  4  5  6 |
---------------+-------------------+-----
Unarmed Combat | 4 5 7 8 |  8.2
Fighting       | |  3.2
Dodging        | |  2.6
Stealth        | |  2.1

Action                   |  1- 3 |  4- 6 || total
-------------------------+-------+-------++-------
Melee: Unarmed           |   102 |    72 ||   174
       Punch             |     1 |     3 ||     4
  Use: Scroll            |       |    13 ||    13
 Stab: Sleeping          |     1 |       ||     1
  Eat: Chunk             |     5 |     1 ||     6
Armor: Robe              |     6 |       ||     6
       Chain mail        |    65 |    34 ||    99
Dodge: Dodged            |    55 |    12 ||    67
